 Dungeon Crawl Stone Soup version 0.29.1-13-g9f3cf754e1 (webtiles) character file.

Game seed: 9664960569573118635

6751 protoss039 the Fighter (level 10, 0/82 HPs)
             Began as a Demonspawn Earth Elementalist on Feb 11, 2023.
             Was a Believer of Vehumet.
             Slain by a basilisk (7 damage)
             ... while petrified by a basilisk
             ... on level 9 of the Dungeon.
             The game lasted 00:20:49 (13452 turns).

protoss039 the Fighter (DsEE)                      Turns: 13452, Time: 00:20:50

Health: 0/82       AC:  6    Str: 14    XL:     10   Next: 75%
Magic:  28/28      EV:  2    Int: 24    God:    Vehumet [**....]
Gold:   307        SH:  0    Dex: 14    Spells: 16/25 levels left

rFire   . . .      SeeInvis .   I - +3 dagger (venom)
rCold   . . .      Faith    .   (no shield)
rNeg    + + +      Spirit   .   a - +0 robe
rPois   ∞          Reflect  .   H - +1 helmet {Int+3}
rElec   +          Harm     .   (no cloak)
rCorr   .          Rampage  .   (no gloves)
Will    .....                   (no boots)
Stlth   ++........              (no amulet)
HPRegen 0.23/turn               E - ring of magical power
MPRegen 0.21/turn               d - +6 ring of strength

@: petrified
A: claws 2, icy blue scales 1, powered by pain 2, condensation shield, hooves 1,
low MP 1, electricity resistance, wild magic 1
a: Renounce Religion


You were on level 9 of the Dungeon.
You worshipped Vehumet.
Vehumet was pleased with you.
You visited 1 branch of the dungeon, and saw 9 of its levels.

You collected 662 gold pieces.
You spent 355 gold pieces at shops.

Inventory:

Hand Weapons
 C - a +2 hand axe of electrocution
 I - a +3 dagger of venom (weapon)
Missiles
 n - 2 throwing nets
Armour
 a - a +0 robe (worn)
 H - a +1 helmet of intelligence (worn)
Magical Staves
 z - a staff of earth
Jewellery
 d - a +6 ring of strength (right claw)
 e - a ring of resist corrosion
 l - a +4 ring of evasion
 E - a ring of magical power (left claw)
Wands
 g - a wand of charming (14)
 j - a wand of polymorph (4)
Scrolls
 c - a scroll of brand weapon
 f - 3 scrolls of butterflies
 h - 3 scrolls of enchant weapon
 o - a scroll of poison
 p - 2 scrolls of fear
 v - 3 scrolls of teleportation
 w - a scroll of identify
 x - 2 scrolls of immolation
 y - 7 scrolls of enchant armour
 F - a scroll of amnesia
 G - 2 scrolls of magic mapping
Potions
 b - 2 potions of magic
 i - 3 potions of might
 k - a potion of mutation
 m - 4 potions of heal wounds
 q - 7 potions of curing
 r - 2 potions of ambrosia
 s - a potion of brilliance {unknown}
 t - 2 potions of cancellation {unknown}
 A - a potion of lignification {unknown}
 B - a potion of flight {unknown}
 D - a potion of haste


   Skills:
 + Level 8.5 Fighting
 - Level 3.0 Dodging
 - Level 3.0 Stealth
 + Level 8.1 Spellcasting
 + Level 4.6 Conjurations
 * Level 2.2 Transmutations
 * Level 1.7 Air Magic
 + Level 8.3 Earth Magic
 * Level 2.0 Poison Magic


You had 16 spell levels left.
You knew the following spells:

 Your Spells              Type           Power      Damage    Failure   Level
a - Sandblast             Erth           100%       2d20      1%          1
b - Passwall              Tmut/Erth      37%        N/A       2%          2
c - Stone Arrow           Conj/Erth      100%       3d13      2%          3
d - Mephitic Cloud        Conj/Pois/Air  30%        N/A       10%         3

Your spell library contained the following spells:

 Spells                   Type           Power      Damage    Failure   Level
 Shock                    Conj/Air       100%       1d9       3%          1
 Petrify                  Tmut/Erth      45%        N/A       12%         4
 Ignite Poison            Fire/Tmut/Pois 21%        N/A       16%         3
 Leda's Liquefaction      Hex/Erth       19%        N/A       17%         4
 Call Canine Familiar     Summ           12%        N/A       26%         3
 Portal Projectile        Hex/Tloc       24%        N/A       26%         3
 Iskenderun's Battlesphe  Conj           41%        2d9       34%         5
 Fireball                 Conj/Fire      13%        3d7       65%         5
 Freezing Cloud           Conj/Ice/Air   12%        6-21      67%         5
 Conjure Ball Lightning   Conj/Air       16%        3x3d6     97%         6
 Orb of Destruction       Conj           20%        9d8       100%        7


Dungeon Overview and Level Annotations

Branches:
Dungeon (9/15) Zot: 25719  Temple (0/1) D:7
   Lair: D:8-11         Orc: D:9-12

Altars:
Ashenzari
Fedhas
Gozag
Hepliaklqana
Makhleb
Nemelex Xobeh
Qazlal
Ru
Trog
Uskayaw
Vehumet
Xom

Shops:
D:4 *   D:8 :   D:9 ?

Annotations:
D:5 diceflayer's ghost, novice DsHu
D:6 3 runed translucent doors, gargbit's ghost, novice DsGl


Innate Abilities, Weirdness & Mutations

You have very sharp fingernails.
You are partially covered in icy blue scales. (AC +2)
You sometimes gain power by taking damage.
A meltable shield of frost defends you. (SH +4)
You have large cloven feet.
Your magical capacity is low. (-10% MP)
You are resistant to electric shocks. (rElec)
Your spells are a little harder to cast, but a little more powerful.


Message History

You start resting.
Your magical contamination has completely faded away.
You start resting.
Your icy envelope is restored.
You start resting.
You feel a little less mighty now.
t - 2 inky potions You start resting.
Magic restored.
You start resting.
A basilisk is nearby!
Casting: Stone Arrow (mildly dangerous; 2% risk of failure)
Confirm with . or Enter, or press ? or * to list all spells.
Aiming: Passwall (safe; 2% risk of failure)
Press: ? - help, Dir - move target, p - basilisk A rock wall.
The basilisk hisses angrily.
The basilisk gazes at you. You resist with some effort.
You begin to meditate on the wall.
You continue meditating on the rock. x2
The basilisk closely misses you.
You continue meditating on the rock.
The basilisk gazes at you.
You are slowing down.
You continue meditating on the rock.
The basilisk gazes at you.
Your limbs have turned to stone.
The basilisk bites you!
* * * LOW HITPOINT WARNING * * *
You have turned to stone.
Your meditation is interrupted.
The basilisk gazes at you. The basilisk bites you!
* * * LOW HITPOINT WARNING * * *
The basilisk bites you!
* * * LOW HITPOINT WARNING * * *
The basilisk gazes at you. You resist with some effort. The basilisk bites you!
* * * LOW HITPOINT WARNING * * *
The basilisk bites you!
You die...

#.### ## ##...#.#
..## #........#
##.##...........
##l..†..........#
............
#...###+
.....####... #...#
##.#.# ##l#.#
#..### #@...# ####
######## ######
##......#
######.......#####
.......#####....>#
######.#...#..##.#
#.'.⌠.'.###.#
##.#...#.# #.#
#..#####.# #.#


You could see a basilisk.

Vanquished Creatures
  2 two-headed ogres (D:9)
  Grinder (D:5)
  A hornet (D:8)
  Sigmund (D:3)
  3 wyverns (D:9)
  Eustachio (D:4)
  A basilisk (D:9)
  4 yaks (D:8)
  2 steam dragons (D:9)
  2 water moccasins
  A black bear (D:5)
  An orc warrior (D:8)
  2 sky beasts (D:7)
  4 ogres (D:5)
  2 phantoms (D:5)
  2 centaurs
  3 kobold brigands
  2 bullfrogs
  4 scorpions
  A gnoll sergeant (D:9)
  12 wights
  3 killer bees (D:8)
  3 howler monkeys (D:9)
  A jelly (D:5)
  3 orc priests
  6 hounds
  Ijyb (D:3)
  3 iguanas
  6 orc wizards
  Natasha (D:3)
  4 gnolls (D:9)
  8 adders
  2 white imps (D:5)
  An ufetubus (D:5)
  4 dart slugs
  A worm (D:4)
  24 orcs
  8 endoplasms
  7 giant cockroaches
  7 hobgoblins
  2 jackals (D:5)
  17 kobolds
  3 quokkas
  7 ball pythons
  2 bats (D:2)
  2 frilled lizards
  6 goblins
  3 rats
187 creatures vanquished.

Notes
Turn   | Place    | Note
-------+----------+-------------------------------------------
     0 | D:1      | protoss039 the Demonspawn Earth Elementalist began the
                  | quest for the Orb.
     0 | D:1      | Reached XP level 1. HP: 13/13 MP: 3/3
    61 | D:1      | Found a faded altar of an unknown god.
   517 | D:1      | Gained mutation: You are partially covered in icy blue
                  | scales. (AC +2) [demonic ancestry]
   517 | D:1      | Reached XP level 2. HP: 10/20 MP: 1/5
   652 | D:1      | Reached skill level 1 in Fighting
  1561 | D:1      | Learned a level 2 spell: Passwall
  1622 | D:2      | Reached XP level 3. HP: 22/26 MP: 3/6
  2643 | D:2      | You fall into a shaft and drop 1 floor!
  2651 | D:3      | Noticed Sigmund
  2821 | D:3      | Found a bloodstained altar of Trog.
  3057 | D:3      | Reached XP level 4. HP: 25/33 MP: 6/8
  3312 | D:3      | Noticed Ijyb
  3342 | D:3      | Gained mutation: Your magical capacity is low. (-10% MP)
                  | [potion of mutation]
  3342 | D:3      | Gained mutation: You have large cloven feet. [potion of
                  | mutation]
  3342 | D:3      | Gained mutation: You are resistant to electric shocks.
                  | (rElec) [potion of mutation]
  3342 | D:3      | Gained mutation: Your spells are a little harder to cast,
                  | but a little more powerful. [potion of mutation]
  3344 | D:3      | Killed Ijyb
  3719 | D:3      | Noticed Natasha
  3725 | D:3      | Killed Natasha
  4080 | D:3      | Gained mutation: You have sharp fingernails. [demonic
                  | ancestry]
  4080 | D:3      | Reached XP level 5. HP: 36/39 MP: 1/8
  4440 | D:3      | Killed Sigmund
  4441 | D:3      | Gained mutation: You sometimes gain a little power by
                  | taking damage. [demonic ancestry]
  4441 | D:3      | Reached XP level 6. HP: 42/47 MP: 3/10
  5001 | D:4      | Noticed Eustachio
  5030 | D:4      | Killed Eustachio
  5031 | D:4      | Gained mutation: You sometimes gain power by taking damage.
                  | [demonic ancestry]
  5031 | D:4      | Reached XP level 7. HP: 23/54 MP: 5/12
  5764 | D:4      | Found Kaygoewe's Assorted Antiques.
  5779 | D:4      | Bought a scroll labelled QAJEFILE NOELAH for 20 gold pieces
  5779 | D:4      | Bought a scroll labelled ZEYMPYMP QAOM for 20 gold pieces
  5779 | D:4      | Bought 3 scrolls labelled RONEXK SISMEU for 60 gold pieces
  5779 | D:4      | Bought a potion of curing for 60 gold pieces
  5912 | D:4      | Reached skill level 5 in Earth Magic
  6033 | D:5      | Entered Level 5 of the Dungeon
  6059 | D:5      | Found a hazy altar of Hepliaklqana.
  6224 | D:5      | Learned a level 3 spell: Stone Arrow
  6334 | D:5      | Found a broken altar of Ashenzari.
  6335 | D:5      | Noticed Grinder
  6425 | D:5      | Killed Grinder
  6426 | D:5      | Reached skill level 5 in Fighting
  6426 | D:5      | Reached skill level 5 in Spellcasting
  6426 | D:5      | Gained mutation: You have very sharp fingernails. [demonic
                  | ancestry]
  6426 | D:5      | Reached XP level 8. HP: 37/62 MP: 0/14
  6738 | D:5      | Found a runed translucent door.
  6743 | D:5      | Noticed diceflayer's ghost (novice DsHu)
  7579 | D:5      | Reached XP level 9. HP: 50/71 MP: 16/16
  7818 | D:5      | HP: 2/71 [diceflayer's ghost (8)]
  7825 | D:5      | HP: 3/71 [diceflayer's ghost (3)]
  8490 | D:6      | Found an opulent altar of Gozag.
  8548 | D:6      | Found a radiant altar of Vehumet.
  8621 | D:6      | Became a worshipper of Vehumet
  8881 | D:6      | Found a runed translucent gate.
  8881 | D:6      | Found a runed translucent gate.
  8881 | D:6      | Found a runed translucent gate.
  8883 | D:6      | Noticed gargbit's ghost (novice DsGl)
  9607 | D:7      | Reached skill level 1 in Transmutations
  9857 | D:7      | Found a shimmering altar of Xom.
  9907 | D:7      | Found a sparkling altar of Nemelex Xobeh.
 10049 | D:7      | Reached skill level 1 in Conjurations
 10136 | D:7      | Found a staircase to the Ecumenical Temple.
 10817 | D:8      | Found Ner Vissi's Tremendous Tomes.
 11043 | D:8      | Reached * piety under Vehumet
 11043 | D:8      | Offered knowledge of Freeze by Vehumet.
 11477 | D:8      | Found a burning altar of Makhleb.
 11752 | D:8      | Gained mutation: A meltable shield of frost defends you.
                  | (SH +4) [demonic ancestry]
 11752 | D:8      | Reached XP level 10. HP: 43/80 MP: 15/19
 12045 | D:8      | Found a stormy altar of Qazlal.
 12181 | D:9      | Noticed a two-headed ogre
 12256 | D:9      | Found a blossoming altar of Fedhas.
 12755 | D:9      | Noticed a two-headed ogre
 12758 | D:9      | Killed a two-headed ogre
 12766 | D:9      | Reached ** piety under Vehumet
 12766 | D:9      | Offered knowledge of Shock by Vehumet.
 12771 | D:9      | Learned a level 3 spell: Mephitic Cloud
 12859 | D:9      | Found a hide-covered altar of Uskayaw.
 12885 | D:9      | Found a sacrificial altar of Ru.
 12931 | D:9      | Killed a two-headed ogre
 12932 | D:9      | Reached skill level 1 in Air Magic
 12932 | D:9      | Reached skill level 1 in Poison Magic
 13139 | D:9      | Found Laguf's Magic Scroll Emporium.
 13147 | D:9      | Bought a scroll of teleportation for 39 gold pieces
 13147 | D:9      | Bought a scroll of teleportation for 39 gold pieces
 13147 | D:9      | Bought a scroll of identify for 26 gold pieces
 13147 | D:9      | Bought a scroll of identify for 26 gold pieces
 13147 | D:9      | Bought a scroll of noise for 13 gold pieces
 13147 | D:9      | Bought a scroll of identify for 26 gold pieces
 13147 | D:9      | Bought a scroll of identify for 26 gold pieces
 13325 | D:9      | HP: 4/82 [wyvern (1)]
 13452 | D:9      | Slain by a basilisk

Illustrated notes

Levels and vault maps discovered:
D:1:      dpeg_arrival_lava_altar, layout_basic, ebering_ecumenical_altar_hall,
          hangedman_decor_points, chequers_serial_rivers_micro_a,
          nicolae_figureground_sparkle
D:2:      layout_basic, chequers_garden
D:3:      layout_loops_corners, mainiacjoe_overflow_small_starburst,
          mainiacjoe_overflow_cross_hatched, chequers_serial_rivers_micro_b,
          minivault_5, minmay_puff, uniq_ijyb, uniq_sigmund, uniq_natasha
D:4:      layout_basic, mainiacjoe_overflow_boulevard, zin_academy,
          serial_shops, nicolae_shop_hallway_stairs, portal_sewer_entry_d,
          uniq_eustachio
D:5:      kb_forest_paths, layout_basic, mainiacjoe_overflow_tiny_flanked,
          nicolae_ashenzari_panopticon, ebering_ghost_reflecting_pool,
          uniq_grinder
D:6:      layout_loops_corners, nicolae_gozag_cash_rules_everything_around_me,
          nicolae_vehumet_radiance, ebering_ghost_rock_garden
D:7:      layout_basic, mainiacjoe_overflow_chevrons,
          nemelex_xobeh_ov_fountains_minmay, minmay_temple_entry_stoned_glass
D:8:      layout_loops_ring, lightli_temple_of_fire,
          nicolae_qazlal_general_emergency, nicolae_shop_i_like_big_books
D:9:      layout_basic, kennysheep_mini, nicolae_uskayaw_dance_hall,
          mainiacjoe_overflow_catwalk, erik_lair_dragon, serial_shops, shop,
          minmay_misc_feat_room

Skill      XL: |  1  2  3  4  5  6  7  8  9 10 |
---------------+-------------------------------+-----
Fighting       | 1 2 3 4 5 6 7 8 |  8.5
Earth Magic    | 3 4 5 6 7 8 |  8.3
Spellcasting   | 3 4 5 6 7 8 |  8.1
Transmutations | 1 2 |  2.2
Dodging        | 3 |  3.0
Stealth        | 3 |  3.0
Conjurations   | 3 4 |  4.6
Air Magic      | 1 |  1.7
Poison Magic   | 2 |  2.0

Action                   |  1- 3 |  4- 6 |  7- 9 | 10-12 || total
-------------------------+-------+-------+-------+-------++-------
Melee: Unarmed           |    33 |       |       |       ||    33
       Club              |    97 |    14 |       |       ||   111
       Punch             |     2 |       |     2 |       ||     4
       Dagger            |       |    41 |    15 |       ||    56
       Kick              |       |    22 |    33 |       ||    55
       Rapier            |       |    15 |    46 |       ||    61
       Hand axe          |       |       |    58 |       ||    58
       Staff             |       |       |     3 |       ||     3
 Cast: Sandblast         |    51 |    50 |    50 |    14 ||   165
       Passwall          |       |     5 |     4 |     1 ||    10
       Stone Arrow       |       |       |    50 |    48 ||    98
       Mephitic Cloud    |       |       |       |     1 ||     1
Evoke: Wand              |       |       |       |     1 ||     1
  Use: Potion            |     1 |     4 |     3 |       ||     8
       Scroll            |     1 |       |     8 |    10 ||    19
 Stab: Sleeping          |     7 |     2 |     5 |       ||    14
Armor: Robe              |    63 |    24 |    37 |     3 ||   127
Dodge: Dodged            |   133 |   114 |   131 |    14 ||   392
